 Dungeon Crawl Stone Soup version 0.23-a0-169-gb21e695 (webtiles) character file.

21 TheFrigginByeByeMan the Slasher (level 2, -9/24 HPs)
             Began as a Vine Stalker Berserker on Sept 11, 2018.
             Was a Follower of Trog.
             Mangled by a gnoll
             ... wielding a +0 halberd
              (18 damage)
             ... on level 1 of the Dungeon.
             The game lasted 00:01:54 (784 turns).

TheFrigginByeByeMan the Slasher (VSBe)               Turns: 784, Time: 00:01:55

Health: -9/24      AC:  2    Str: 24    XL:     2   Next: 87%
Magic:  0/3        EV: 12    Int:  7    God:    Trog [*.....]
Gold:   21         SH:  0    Dex: 13    Spells: 1/1 levels left

rFire    . . .     SeeInvis .   a - +0 falchion
rCold    . . .     Gourm    .   (no shield)
rNeg     . . .     Faith    .   f - +0 animal skin
rPois    .         Spirit   +   (no helmet)
rElec    .         Reflect  .   (no cloak)
rCorr    .         Harm     .   (no gloves)
MR       .....                  (no boots)
Stlth    ..........             (no amulet)
HPRegen  0.08/turn              (no ring)
MPRegen  0.08/turn              (no ring)

@: berserking, very quick
A: fangs 2, magic shield, antimagic bite, no potion heal 3, rot immunity
a: Berserk, Renounce Religion


You were on level 1 of the Dungeon.
You worshipped Trog.
Trog was aware of your devotion.
You were hungry.

You visited 1 branch of the dungeon, and saw 1 of its levels.

You collected 21 gold pieces.

Inventory:

Hand Weapons
 a - a +0 falchion (weapon)
 b - a +0 hunting sling
Armour
 f - a +0 animal skin (worn)
Scrolls
 e - a scroll of remove curse {unknown}
Potions
 d - a potion of haste {unknown}
Comestibles
 c - a ration


   Skills:
 - Level 2.6 Fighting
 * Level 3.3 Long Blades
 - Level 1.5 Armour
 + Level 2.0 Dodging


You had one spell level left.
You didn't know any spells.
Your spell library was empty.

Dungeon Overview and Level Annotations

Branches:
Dungeon (1/15)

Altars:


Innate Abilities, Weirdness & Mutations

You have extremely sharp teeth.
When hurt, damage is shared between your health and your magic reserves.
Your bite disrupts and absorbs the magic of your enemies.
Potions cannot restore your health.
You are immune to rotting.


Message History

a - a +0 falchion (weapon)
You start resting.
Magic restored.
You see here a frilled lizard corpse.
A gnoll comes into view. It is wielding a halberd.
The gnoll shouts!
You hear a shout!
The hobgoblin hits you with a club. The hobgoblin closely misses you.
You riposte.
You slash the hobgoblin!
You kill the hobgoblin!
Trog accepts your kill.
Found a spear.
A red film seems to cover your vision as you go berserk!
You feel yourself moving faster!
You feel mighty!
You are feeling hungry.
The gnoll hits you from afar with a halberd!
Ouch! That really hurt!
You feel a strong urge to attack something.
The gnoll hits you with a halberd!!
Ouch! That really hurt!
You die...

## #.# #.# # ... #.#######.# #
...####.#.....#.#
#####..........###.#.#
...............###.#.#
####.###.........#.#.##### #.#
#.......#.#.......#
####.#######.#.#)###...#.#
...............g@...>....##
####.##.####.#............#
####.##.######.##########.#
.....##.#........h.hg..[#.####
#######.#[####.########)#....#
..# ...) #.####.# ###
#.#.#.##.###...##.#
#.............#.##รท#
####.#.##.###.#.##.#


You could see a gnoll.

Vanquished Creatures
  A ball python (D:1)
  3 giant cockroaches (D:1)
  5 goblins (D:1)
  2 hobgoblins (D:1)
  3 jackals (D:1)
  A frilled lizard (D:1)
  2 rats (D:1)
17 creatures vanquished.

Notes
Turn   | Place    | Note
-------+----------+-------------------------------------------
     0 | D:1      | TheFrigginByeByeMan the Vine Stalker Berserker began the
                  | quest for the Orb.
     0 | D:1      | Reached XP level 1. HP: 11/11 MP: 2/2
    99 | D:1      | Reached skill level 3 in Long Blades
   116 | D:1      | Reached XP level 2. HP: 3/16 MP: 3/3
   784 | D:1      | Mangled by a gnoll

Vault maps used:
D:1:      dpeg_arrival_houses_and_road

Skill      XL: |  1  2 |
---------------+-------+-----
Long Blades    | 3 |  3.3
Dodging        | 2 |  2.0
Fighting       | |  2.6
Armour         | |  1.5

Action                   || total
-------------------------++-------
Melee: Falchion          ||    41
       Bite              ||     7
Invok: Berserk           ||     1
Armor: Animal skin       ||     7
Dodge: Dodged            ||    28
       Rpst.: Falchion   ||     8

Table legend:
 A = Non-vault XP
 B = Vault XP
 C = Vault XP percentage of total XP
 D = Non-vault monster count
 E = Vault monster count
 F = Vault count percentage of total count
                 A         B        C        D         E       F
            +---------+---------+-------+---------+---------+-------
      Total |      31 |       0 |   0.0 |      17 |       0 |   0.0
            +---------+---------+-------+---------+---------+-------
        D:1 |      31 |       0 |   0.0 |      17 |       0 |   0.0
            +---------+---------+-------+---------+---------+-------
